 Dungeon Crawl Stone Soup version 0.14.0-24-gfb45beb (webtiles) character file.

72 Qrupt the Insei (level 3, -1/20 HPs)
             Began as a Kobold Transmuter on Apr 22, 2014.
             Slain by a crimson imp (2 damage)
             ... on Level 2 of the Dungeon.
             The game lasted 00:03:45 (1447 turns).

Qrupt the Insei (Kobold Transmuter)                 Turns: 1447, Time: 00:03:45

HP  -1/20        AC  2     Str  9      XL: 3   Next: 10%
MP   5/6         EV 15     Int 11      God:
Gold 49          SH  0     Dex 16      Spells:  1 memorised,  5 levels left

rFire  . . .     SeeInvis .       - Unarmed
rCold  . . .     Clarity  .     c - +0 robe
rNeg   . . .     Conserve .     (no shield)
rPois  .         rCorr    .     (no helmet)
rElec  .         rRot     .     (no cloak)
SustAb . .       Spirit   .     (no gloves)
rMut   .         Warding  .     (boots unavailable)
Saprov + + .     Stasis   .     (no amulet)
MR     .....                    (no ring)
                                (no ring)

@: appendage, flying, not resistant to hostile enchantments, unstealthy
A: disease resistance, talons 3, carnivore 3, saprovore 2
a: End Transformation


You were on level 2 of the Dungeon.
You were full.
You had grown temporary talons.
You visited 1 branch of the dungeon, and saw 2 of its levels.

You collected 49 gold pieces.

Inventory:

Missiles
 b - 12 arrows
Armour
 c - a +0 robe (worn)
Comestibles
 a - a meat ration
Scrolls
 g - a scroll of random uselessness {unknown}
 h - 2 scrolls of immolation {unknown}
 i - 2 scrolls of identify {unknown}
 m - a scroll of enchant armour {unknown}
 n - a scroll of teleportation {unknown}
 o - a scroll of magic mapping {unknown}
Jewellery
 l - an uncursed amulet of conservation {unknown}
 p - an uncursed ring of poison resistance {unknown}
Potions
 f - a potion of haste {unknown}
 k - a potion of lignification {unknown}
Books
 d - a book of Changes

   Spells                             Type                      Level
   *Beastly Appendage                 Transmutation                1
   Sticks to Snakes                   Transmutation                2
   Spider Form                        Transmutation/Poison         3
   Ice Form                           Ice/Transmutation            4
   Blade Hands                        Transmutation                5


   Skills:
 - Level 1.1 Fighting
 - Level 2.4 Dodging
 + Level 3.3 Unarmed Combat
 + Level 2.2 Spellcasting
 + Level 2.5 Transmutations


You had 5 spell levels left.
You knew the following spells:

 Your Spells              Type           Power        Failure   Level  Hunger
a - Beastly Appendage     Trmt           #.....       12%         1    ##.....


Dungeon Overview and Level Annotations

Branches:
Dungeon (2/15)

Altars:
Makhleb


Innate Abilities, Weirdness & Mutations

You recuperate from illness quickly.
You are small and have problems with some larger weapons.
You are carnivorous and can eat meat at any time.
You can eat rotten meat.
You have claws for feet.


Message History

You are too injured to fight recklessly!
The crimson imp barely misses you.
You hit the crimson imp.
The crimson imp is lightly wounded.
The crimson imp completely misses you.
You closely miss the crimson imp. You claw the crimson imp.
The crimson imp is lightly wounded.
The crimson imp closely misses you.
You hit the crimson imp.
The crimson imp is moderately wounded.
The crimson imp hits you.
* * * LOW HITPOINT WARNING * * *
You closely miss the crimson imp.
The crimson imp is lightly wounded.
The crimson imp hits you.
* * * LOW HITPOINT WARNING * * *
You miss the crimson imp. Your kick misses the crimson imp.
The crimson imp is lightly wounded.
The crimson imp hits you.
You die...

#..........#
#.########.# #.#
#.# #.# #%#
...#####.##### #.#
.............# #.#
...#####.###.# #.#
#.########5#
########.##≈@5.##.#
.........###≈≈≈.#.#
########.##∩_...'.#
#.......###≈≈≈.#.#
#.#####.##≈≈≈.##.#
#
#.#.....########.#
#.#.#.###.# #.#
#.#.#.###.#.#.# #.#
+.............# #.#


You could see a crimson imp.

Vanquished Creatures
  2 bats (D:1)
  3 giant cockroaches
  A goblin (D:2)
  5 hobgoblins
  3 jackals (D:2)
  A giant newt (D:2)
  A goblin zombie (D:1)
  2 kobolds (D:2)
  2 rats (D:1)
  A rat zombie (D:1)
21 creatures vanquished.

Notes
Turn   | Place    | Note
--------------------------------------------------------------
     0 | D:1      | Qrupt, the Kobold Transmuter, began the quest for the Orb.
     0 | D:1      | Reached XP level 1. HP: 12/12 MP: 3/3
   197 | D:1      | Reached XP level 2. HP: 8/16 MP: 2/4
  1245 | D:2      | Reached XP level 3. HP: 20/20 MP: 4/6
  1395 | D:2      | Found a burning altar of Makhleb.
  1446 | D:2      | HP: 1/20 [crimson imp (3)]
  1447 | D:2      | Slain by a crimson imp

Action                   || total
-------------------------++-------
Melee: Unarmed           ||   121
 Cast: Beastly Appendage ||     6
  Use: Potion            ||     3
